 Dungeon Crawl Stone Soup version 0.28.0-43-g3370ac3207 (webtiles) character file.

Game seed: 10389964010007114918

35 n8rtot the Ducker (level 3, -5/34 (35) HPs)
             Began as a Gnoll Wanderer on Mar 2, 2022.
             Slain by a wight
             ... wielding a +1 hand axe
              (10 damage)
             ... on level 2 of the Dungeon.
             The game lasted 00:05:24 (1819 turns).

n8rtot the Ducker (Gnoll Wanderer)                  Turns: 1819, Time: 00:05:24

HP:   -5/34 (35)    AC:  3    Str:  9    XL:     3   Next: 35%
MP:   4/4           EV: 14    Int: 19    God:
Gold: 65            SH:  0    Dex: 13    Spells: 3/3 levels left

rFire   . . .      SeeInvis .   a - +1 falchion
rCold   . . .      Faith    .   (no shield)
rNeg    . . .      Spirit   .   c - +0 leather armour
rPois   .          Reflect  .   (no helmet)
rElec   .          Harm     .   (no cloak)
rCorr   .          Rampage  .   (no gloves)
Will    .....                   (no boots)
Stlth   +.........              (no amulet)
HPRegen 0.11/turn               h - +6 ring of intelligence
MPRegen 0.09/turn               (no ring)

@: lightly drained
A: fangs 1, strong nose, distributed training
a: no special abilities


You were on level 2 of the Dungeon.
You visited 1 branch of the dungeon, and saw 3 of its levels.

You collected 65 gold pieces.

Inventory:

Hand Weapons
 a - a +1 falchion (weapon)
Missiles
 b - 2 throwing nets (quivered)
Armour
 c - a +0 leather armour (worn)
Jewellery
 h - a +6 ring of intelligence (left hand)
Scrolls
 d - 2 scrolls of identify {unknown}
 g - 2 scrolls of teleportation {unknown}
 i - a scroll of fog {unknown}
 j - a scroll of vulnerability {unknown}
 k - a scroll of fear {unknown}
Potions
 e - a potion of might {unknown}
 f - a potion of resistance {unknown}
 l - a potion of curing {unknown}
 m - a potion of lignification {unknown}
 n - a potion of heal wounds {unknown}


   Skills:
 + Level 6.5 Fighting
 + Level 0.7 Short Blades
 + Level 4.5 Long Blades
 + Level 0.7 Axes
 + Level 0.7 Maces & Flails
 + Level 0.7 Polearms
 + Level 0.7 Staves
 + Level 0.7 Slings
 + Level 0.7 Bows
 + Level 0.7 Crossbows
 + Level 0.7 Throwing
 + Level 4.5 Armour
 + Level 6.5 Dodging
 + Level 0.7 Stealth
 + Level 0.7 Shields
 + Level 0.7 Unarmed Combat
 + Level 0.7 Spellcasting
 + Level 0.5 Conjurations
 + Level 0.5 Hexes
 + Level 0.5 Summonings
 + Level 0.5 Necromancy
 + Level 0.5 Translocations
 + Level 0.5 Transmutations
 + Level 0.5 Fire Magic
 + Level 0.5 Ice Magic
 + Level 0.5 Air Magic
 + Level 0.5 Earth Magic
 + Level 0.5 Poison Magic
 + Level 0.9 Invocations
 + Level 0.7 Evocations


You had 3 spell levels left.
You didn't know any spells.
Your spell library contained the following spells:

 Spells                   Type           Power      Damage    Failure   Level
 Call Canine Familiar     Summ           2%         N/A       54%         3
 Gell's Gravitas          Tloc           2%         N/A       54%         3
 Lesser Beckoning         Tloc           2%         N/A       54%         3
 Portal Projectile        Hex/Tloc       4%         N/A       54%         3
 Teleport Other           Tloc           2%         N/A       54%         3
 Leda's Liquefaction      Hex/Erth       1%         N/A       91%         4


Dungeon Overview and Level Annotations

Branches:
Dungeon (3/15)

Altars:


Innate Abilities, Weirdness & Mutations

You have very sharp teeth.
Your uncanny sense of smell can sniff out nearby items.
Your experience applies equally to all skills.


Message History

You closely miss the quokka. Your bite misses the quokka.
The quokka is moderately wounded.
The quokka barely misses you.
You hit the quokka.
You kill the quokka!
You see here a quokka corpse.
You pick up a book of Displacement and begin reading...
You add the spells Lesser Beckoning, Gell's Gravitas and Teleport Other to your library.
There is a stone staircase leading down here.
Done exploring.
Done exploring.
Done exploring.
Done exploring.
There is a stone staircase leading down here.
You climb downwards.
Found a runed robe.
There is a stone staircase leading up here.
A giant cockroach comes into view.
You see here a +1 robe of willpower.
A kobold comes into view. It is wielding a +0 club.
The wight barely misses you.
There is a stone staircase leading up here.
The wight hits you from afar with a +0 trident.
You feel drained.
You climb upwards.
There is a stone staircase leading down here.
You hit the wight but do no damage.
The wight hits you with a +2 short sword.
The wight misses you.
You barely miss the wight.
The wight hits you with a +2 short sword!
The wight barely misses you. x2
You hit the wight.
The wight is lightly damaged.
The wight barely misses you.
The wight hits you with a +2 short sword!
* * * LOW HITPOINT WARNING * * *
The wight closely misses you. The wight hits you with a +1 hand axe!
You die...

..........###########
..........#
>.<.......#
..........#
..........#
..........#########
..................#
..................#
................@.#
...#####.......z..#
...# #......z...#
#### #..........# #
#..........# #
#..........# #
#..........# #
############ #


You could see 2 wights.

Vanquished Creatures
  A dart slug (D:2)
  An orc (D:2)
  6 bats
  4 endoplasms
  3 giant cockroaches
  4 hobgoblins
  A quokka (D:2)
  2 ball pythons (D:1)
  A frilled lizard (D:1)
  3 goblins (D:1)
  4 rats
30 creatures vanquished.

Notes
Turn   | Place    | Note
-------+----------+-------------------------------------------
     0 | D:1      | n8rtot the Gnoll Wanderer began the quest for the Orb.
     0 | D:1      | n8rtot set off with the following items: a +1 falchion, 2
                  | throwing nets, a +0 leather armour
     0 | D:1      | Reached XP level 1. HP: 23/23 MP: 1/1
   276 | D:1      | Reached XP level 2. HP: 29/29 MP: 2/2
  1086 | D:2      | Reached XP level 3. HP: 35/35 MP: 3/3
  1819 | D:2      | Slain by a wight

Illustrated notes

Levels and vault maps discovered:
D:1:      nagdon_arrival_zigzag_paths, layout_basic, chequers_decorated_corner
D:2:      layout_basic, minmay_circle_x
D:3:      layout_rooms, nicolae_sif_muna_little_library,
          wad_floor_pattern_untrapped, nicolae_grassy_gnolls,
          uniq_crazy_yiuf_cottage

Action                   || total
-------------------------++-------
Melee: Falchion          ||    88
       Bite              ||     9
       Punch             ||     1
Armor: Leather armour    ||    33
Dodge: Dodged            ||    79
